 Dungeon Crawl Stone Soup version 0.18-a0-1273-g8ec5f8e (webtiles) character file.

4947 namelastname112 the Archer (level 10, -13/90 HPs)
             Began as a Grey Draconian Hunter on Feb 7, 2016.
             Was an Initiate of Gozag.
             Hit by a stone thrown by an orc warrior (18 damage)
             ... on level 8 of the Dungeon.
             The game lasted 00:14:37 (8945 turns).

namelastname112 the Archer (Grey Draconian Hunter)  Turns: 8945, Time: 00:14:37

Health: -13/90     AC: 14    Str: 15    XL:     10   Next: 28%
Magic:  10/10      EV: 20    Int: 12    God:    Gozag
Gold:   437        SH:  0    Dex: 18    Spells: 0 memorised, 9 levels left

rFire  . . .     SeeInvis .     K - +2 short sword (elec)
rCold  . . .     Gourm    .     (armour unavailable)
rNeg   . . .     Faith    .     (no shield)
rPois  .         Spirit   .     (helmet restricted)
rElec  .         Dismiss  .     r - +0 cloak
rCorr  .         Reflect  .     j - +0 pair of gloves
SustAt .         Harm     .     (no boots)
MR     .....                    (no amulet)
Stlth  ++........               D - +4 ring of dexterity
                                I - +3 ring of evasion

@: not resistant to hostile enchantments, unstealthy
A: walk through water, unfitting armour, unbreathing, cold-blooded, AC +12
a: Potion Petition, Call Merchant, Bribe Branch, Renounce Religion


You were on level 8 of the Dungeon.
You worshipped Gozag.
Gozag was noncommittal.
You were hungry.

You visited 2 branches of the dungeon, and saw 9 of its levels.

You collected 552 gold pieces.
You paid 115 gold pieces to Gozag.

Inventory:

Hand Weapons
 a - a +1 shortbow
 b - a +0 dagger of venom
 G - the +8 dagger of Fortitude {holy, rPois rF+ Str+7 Dex+2}
   (You found it on level 6 of the Dungeon)

   It has been blessed by the Shining One to cause great damage to the undead
   and demons.
   It affects your strength (+7).
   It affects your dexterity (+2).
   It protects you from fire.
   It protects you from poison.
 K - a +2 short sword of electrocution (weapon)
Missiles
 c - 137 arrows
 E - 14 arrows of flame
 M - 2 throwing nets (quivered)
Armour
 j - a +0 pair of gloves (worn)
 r - a +0 cloak (worn)
Jewellery
 i - an uncursed ring of stealth
 l - a +2 amulet of reflection
 D - a +4 ring of dexterity (right hand)
 I - a +3 ring of evasion (left hand)
 L - a +3 ring of strength {unknown}
Wands
 u - a wand of acid (9/15)
 J - a wand of disintegration (6/24)
 N - a wand of confusion (28/48)
Scrolls
 e - a scroll of enchant armour {unknown}
 f - 2 scrolls of fear {unknown}
 g - 3 scrolls of teleportation {unknown}
 m - 5 scrolls of immolation {unknown}
 n - 4 scrolls of magic mapping {unknown}
 s - 2 scrolls of enchant weapon {unknown}
 t - 2 scrolls of random uselessness {unknown}
 v - 8 scrolls of identify {unknown}
 x - 8 scrolls of remove curse {unknown}
 y - a scroll of noise {unknown}
 B - a scroll of fog {unknown}
 F - a scroll of blinking {unknown}
Potions
 h - 5 potions of curing
 k - a potion of beneficial mutation {unknown}
 w - 2 potions of brilliance {unknown}
 z - a potion of agility {unknown}
 C - 2 potions of heal wounds {unknown}
 H - a potion of invisibility {unknown}
Comestibles
 d - 6 bread rations
 o - 8 beef jerkies
 p - 2 slices of pizza
 q - 2 meat rations


   Skills:
 + Level 8.8 Fighting
 * Level 10.5 Bows
 + Level 7.1 Dodging
 - Level 0.8 Stealth


You had 9 spell levels left.
You didn't know any spells.

Dungeon Overview and Level Annotations

Branches:
Dungeon (8/15)             Temple (1/1) D:6
   Lair: D:8-11

Altars:
Ashenzari
Cheibriados
Dithmenos
Fedhas
Gozag
Kikubaaqudgha
Makhleb
Nemelex Xobeh
Okawaru
Pakellas
Qazlal
Ru
Sif Muna
Trog
Vehumet
Xom
Yredelemnul
Zin
The Shining One


Innate Abilities, Weirdness & Mutations

You can walk through water.
Your dull iron-grey scales are very hard (AC +12).
Your body does not fit into most forms of armour.
You can survive without breathing.
You are cold-blooded and may be slowed by cold attacks.


Message History

The orc warrior misses you.
The adder is distracted by the nearby gold.
You barely miss the orc warrior.
The orc warrior is severely wounded.
The orc warrior hits you with a halberd!
* * * LOW HITPOINT WARNING * * *
You are too injured to fight recklessly!
You hit the orc warrior.
The orc warrior is severely wounded.
The adder is no longer distracted by gold.
The orc warrior zaps a wand.
The bolt of lightning misses you.
You hit the orc warrior.
The orc warrior is severely wounded.
The orc warrior hits you with a halberd.
* * * LOW HITPOINT WARNING * * *
The orc warrior hits you from afar with a halberd!!
* * * LOW HITPOINT WARNING * * *
The orc warrior throws a stone.
The stone hits you!!
You die...
Your body crumbles into a pile of gold.

.........#...............
.........#...............
.........#...............
.........#.............>)
........+S.............[.
........o#####.#<########
.......$.# #...# #
.........# ##..########
........@# #..........
########.# #.#########
#$# #.## # #.# #..# # #(#
##.## # #.# #..# # #.#
##.#### # #.# #....####
#.# #.##.....


You could see an orc warrior and an adder.

Vanquished Creatures
  Prince Ribbit (D:5)
  5 yaks
  Eustachio (D:5)
  A wyvern (D:8)
  A hungry ghost (D:7)
  Edmund (D:5)
  Menkaure (D:5)
  2 orc warriors
  2 sky beasts
  An ice beast (D:6)
  A necrophage (D:6)
  2 phantoms
  3 centaurs
  4 ogres
  A big kobold (D:7)
  Blork the orc (D:4)
  2 giant frogs
  A gnoll sergeant (D:7)
  A scorpion (D:7)
  4 killer bees
  4 wights (D:6)
  5 crimson imps
  A giant frog zombie (D:7)
  A giant frog skeleton (D:8)
  5 hounds
  A jelly (D:6)
  4 orc priests
  6 orc wizards
  A centaur zombie (D:7)
  A centaur skeleton (D:6)
  Natasha (thrice) (D:2)
  3 iguanas
  6 worker ants
  A killer bee zombie (D:8)
  2 hound zombies
  A worker ant zombie (D:7)
  4 gnolls (D:7)
  6 adders
  A shadow imp (D:6)
  2 oozes
  An adder zombie (D:8)
  4 adder skeletons
  2 worms (D:2)
  8 giant geckos
  27 orcs
  3 ball pythons
  6 giant cockroaches
  7 goblins
  7 hobgoblins
  6 jackals
  3 quokkas
  7 bats
  2 giant gecko skeletons (D:5)
  2 giant newts
  A jackal skeleton (D:4)
  8 kobolds
  11 rats
199 creatures vanquished.

Notes
Turn   | Place    | Note
--------------------------------------------------------------
     0 | D:1      | namelastname112 the Draconian Hunter began the quest for the Orb.
     0 | D:1      | Reached XP level 1. HP: 17/17 MP: 1/1
   270 | D:1      | Reached XP level 2. HP: 25/25 MP: 2/2
   538 | D:1      | Reached skill level 4 in Bows
   626 | D:2      | Reached XP level 3. HP: 19/30 MP: 3/3
  1137 | D:2      | Reached XP level 4. HP: 28/37 MP: 4/4
  1328 | D:2      | Noticed Natasha
  1334 | D:2      | Killed Natasha
  1486 | D:2      | Noticed Natasha
  1500 | D:2      | Killed Natasha
  1517 | D:2      | Noticed Natasha
  1530 | D:2      | Killed Natasha
  1530 | D:2      | Reached skill level 5 in Bows
  1530 | D:2      | Reached XP level 5. HP: 22/45 MP: 5/5
  1840 | D:2      | Found a shattered altar of Ashenzari.
  2366 | D:3      | Found a faded altar to an unknown god.
  3014 | D:4      | Noticed a phantom
  3029 | D:4      | Killed a phantom
  3029 | D:4      | Reached XP level 6. HP: 31/52 MP: 6/6
  3741 | D:4      | Noticed Blork the orc
  3753 | D:4      | Killed Blork the orc
  3753 | D:4      | Reached skill level 6 in Bows
  3839 | D:4      | Reached XP level 7. HP: 55/60 MP: 7/7
  3839 | D:4      | Your scales start taking on a dull iron-grey colour.
  3839 | D:4      | Gained mutation: You can survive without breathing. [Grey Draconian growth]
  4143 | D:5      | Entered Level 5 of the Dungeon
  4182 | D:5      | Reached skill level 5 in Fighting
  4346 | D:5      | Found a sparkling altar of Nemelex Xobeh.
  4376 | D:5      | Noticed Eustachio
  4397 | D:5      | Killed Eustachio
  4447 | D:5      | Noticed Prince Ribbit
  4459 | D:5      | Killed Prince Ribbit
  4459 | D:5      | Reached skill level 7 in Bows
  4459 | D:5      | Reached XP level 8. HP: 27/70 MP: 8/8
  4669 | D:5      | Found a sacrificial altar of Ru.
  4676 | D:5      | Found a deep blue altar of Sif Muna.
  4679 | D:5      | Found a shimmering altar of Xom.
  4771 | D:5      | Noticed Menkaure
  4778 | D:5      | Killed Menkaure
  4871 | D:5      | Noticed Edmund
  4892 | D:5      | Killed Edmund
  5054 | D:5      | Reached skill level 5 in Dodging
  5259 | D:6      | Got a smoking dagger
  5260 | D:6      | Identified the +8 dagger of Fortitude {holy, rPois rF+ Str+7 Dex+2} (You found it on level 6 of the Dungeon)
  5276 | D:6      | Reached skill level 8 in Bows
  5609 | D:6      | Found a glowing silver altar of Zin.
  5663 | D:6      | Found a shadowy altar of Dithmenos.
  5767 | D:7      | Reached XP level 9. HP: 36/78 MP: 9/9
  6077 | D:6      | Reached skill level 9 in Bows
  7771 | D:6      | Reached skill level 10 in Bows
  7851 | D:6      | Reached XP level 10. HP: 89/89 MP: 10/10
  7873 | D:6      | Found a staircase to the Ecumenical Temple.
  7904 | Temple   | Entered the Ecumenical Temple
  7950 | Temple   | Became a worshipper of Gozag Ym Sagoz the Greedy
  8755 | D:8      | Found a radiant altar of Vehumet.
  8758 | D:8      | Found a shattered altar of Ashenzari.
  8945 | D:8      | Hit by a stone thrown by an orc warrior

Vault maps used:
D:1:      minmay_arrival_arboretum_small, serial_park_tiny_pond
D:2:      first_bread, serial_bayou_pond_d, st_stairs_10,
          evilmike_ruin_ashenzari, uniq_natasha
D:3:      ecumenical_altar_2, roderic_roman_lattice
D:4:      uniq_blork_the_orc
D:5:      minmay_overflow_temple_star_quad, kennysheep_mini_moat,
          uniq_prince_ribbit1, uniq_eustachio, uniq_menkaure, uniq_edmund
D:6:      lemuel_crystal_altar, nicolae_dithmenos_the_darkroom
D:7:      grunt_ogre_cave
D:8:      grunt_temple_overflow_open
Temple:   triangle_lava_temple_12

Action                   |  1- 3 |  4- 6 |  7- 9 | 10-12 || total
-------------------------+-------+-------+-------+-------++-------
Melee: Short sword       |     9 |       |   134 |   152 ||   295
       Unarmed           |     7 |       |       |       ||     7
       Dagger            |    94 |   193 |   285 |       ||   572
 Fire: Shortbow          |       |    31 |    12 |       ||    43
  Use: Potion            |     2 |       |       |       ||     2
 Stab: Sleeping          |     8 |     6 |     5 |       ||    19
       Distracted        |       |       |       |     1 ||     1
  Eat: Chunk             |       |     8 |    11 |       ||    19
       Meat ration       |       |       |     1 |       ||     1
       Fruit             |       |       |       |     3 ||     3
